 Dungeon Crawl Stone Soup version 0.26.1-2-gb8aa6d0cf2 (webtiles) character file.

Game seed: 17865511256371762231

53114 ingamaze the Cleaver (level 14, -3/121 HPs)
             Began as a Minotaur Fighter on Feb 7, 2021.
             Was the Champion of Yredelemnul.
             Killed by divine providence
             ... invoked by an orc high priest
             ... summoned by an orange crystal statue
              (12 damage)
             ... on level 1 of the Orcish Mines on Feb 18, 2021.
             The game lasted 01:22:58 (20730 turns).

ingamaze the Cleaver (Minotaur Fighter)            Turns: 20730, Time: 01:22:58

Health: -3/121     AC: 22    Str: 30      XL:     14   Next: 29%
Magic:  0/20       EV:  7    Int:  0 (5)  God:    Yredelemnul [******]
Gold:   2094       SH: 27    Dex: 13      Spells: 13/13 levels left

rFire    + . .     SeeInvis +   C - +7 mace "Arbiter" {venom, rElec Str+4}
rCold    . . .     Faith    .   e - +2 tower shield
rNeg     + . .     Spirit   .   N - +3 plate armour {rF+}
rPois    .         Reflect  +   (helmet restricted)
rElec    +         Harm     .   t - +0 cloak
rCorr    .         Rampage  .   P - +0 pair of gloves {Dex+3}
Will     +....                  h - +0 pair of boots
Stlth    ..........             M - amulet of reflection
HPRegen  0.30/turn              s - ring of positive energy
MPRegen  0.17/turn              E - ring of Lyevecob {Wiz SInv}

@: slowed, lost intelligence, very slow
A: retaliatory headbutt, horns 2
a: Renounce Religion, Recall Undead Slaves, Injury Mirror, Animate Dead, Drain
Life, Enslave Soul


You were on level 1 of the Orcish Mines.
You worshipped Yredelemnul.
Yredelemnul was exalted by your worship.
You visited 4 branches of the dungeon, and saw 20 of its levels.
You also visited: Sewer, Ossuary and Volcano.

You collected 2094 gold pieces.

Inventory:

Hand Weapons
 l - a +2 vampiric hand axe
 C - the +7 mace "Arbiter" (weapon) {venom, rElec Str+4}
   (You found it on level 6 of the Dungeon)

   It poisons the flesh of those it strikes.
   It affects your strength (+4).
   It insulates you from electricity.
Missiles
 u - 13 boomerangs
 J - 10 curare-tipped darts
Armour
 c - a +0 kite shield
 e - a +2 tower shield (worn)
 h - a +0 pair of boots (worn)
 t - a +0 cloak (worn)
 N - a +3 plate armour of fire resistance (worn)
 P - a +0 pair of gloves of dexterity (worn)
Jewellery
 s - a ring of positive energy (left hand)
 E - the ring of Lyevecob (right hand) {Wiz SInv}
   (You found it on level 12 of the Dungeon)

   [ring of wizardry]

   It improves your spell success rate.
   It lets you see invisible.
 M - an amulet of reflection (around neck)
 X - an uncursed ring of fire
Wands
 B - a wand of disintegration (5) (quivered)
 L - a wand of iceblast (7)
 S - a wand of acid (5)
Scrolls
 a - 3 scrolls of blinking {unknown}
 b - a scroll of identify
 d - 2 scrolls of torment {unknown}
 g - 4 scrolls of fear
 j - 7 scrolls of remove curse
 m - 7 scrolls of teleportation
 o - a scroll of enchant armour {unknown}
 q - 4 scrolls of immolation
 y - 3 scrolls of enchant weapon {unknown}
 D - 4 scrolls of magic mapping
 G - 5 scrolls of fog
 H - 2 scrolls of silence
 I - 4 scrolls of amnesia
 T - a scroll of holy word {unknown}
Potions
 f - 5 potions of attraction
 i - 5 potions of heal wounds
 k - 2 potions of haste
 n - 2 potions of invisibility {unknown}
 p - 2 potions of berserk rage {unknown}
 r - 4 potions of degeneration {unknown}
 w - 2 potions of curing
 x - a potion of magic {unknown}
 z - 4 potions of might
 A - 3 potions of lignification
 F - 2 potions of ambrosia {unknown}
 K - a potion of resistance
 Q - a potion of flight {unknown}
Miscellaneous
 v - a phantom mirror


   Skills:
 + Level 10.2 Fighting
 - Level 4.4 Long Blades
 - Level 13.5(15.0) Axes
 - Level 11.4(14.0) Maces & Flails
 * Level 5.9 Throwing
 + Level 11.7 Armour
 + Level 3.0 Dodging
 + Level 12.1 Shields
 - Level 10.0 Invocations
 - Level 4.1 Evocations


You had 13 spell levels left.
You didn't know any spells.
Your spell library contained the following spells:

 Spells                   Type           Power        Failure   Level
 Sandblast                Erth           0%           100%        1
 Passwall                 Tmut/Erth      0%           100%        2
 Ignite Poison            Fire/Tmut/Pois 0%           100%        3
 Stone Arrow              Conj/Erth      0%           100%        3
 Petrify                  Tmut/Erth      0%           100%        4
 Fireball                 Conj/Fire      0%           100%        5
 Lee's Rapid Deconstruct  Erth           0%           100%        5
 Starburst                Conj/Fire      0%           100%        6
 Ignition                 Fire           0%           100%        8


Dungeon Overview and Level Annotations

Branches:
Dungeon (12/15)            Temple (1/1) D:4            Lair (6/6) D:10
 Shoals (0/4) Lair:4        Snake (0/4) Lair:4        Slime (0/5) Lair:5
    Orc (1/2) D:12          Sewer (visited)         Ossuary (visited)
Volcano (visited)

Altars:
Cheibriados
Dithmenos
Fedhas
Gozag
Kikubaaqudgha
Makhleb
Sif Muna
Trog
Uskayaw
Wu Jian
Yredelemnul
Zin
Beogh
Jiyva

Shops:
D:8 =   D:10 (

Annotations:
D:2 Sigmund
D:3 exclusion: oklob plant
D:5 3 runed translucent doors, Alannah's ghost, novice MfGl
D:10 2 transporters, Richi's ghost, novice DrWn
Lair:6 exclusion: oklob plant
Orc:1 1 runed translucent door, exclusion: 4 orange crystal statues


Innate Abilities, Weirdness & Mutations

You reflexively headbutt those who attack you in melee.
You have a pair of horns on your head.


Message History

The orc warrior hits you but does no damage.
The ogre hits you but does no damage.
The two-headed ogre hits you with a +0 giant spiked club!
* * * LOW HITPOINT WARNING * * *
The two-headed ogre hits you with a +0 giant spiked club!
* * * LOW HITPOINT WARNING * * *
You can move again.
Unknown command.
Unknown command.
You almost manage to decipher the scroll, but fail in this attempt.
You block the stone giant's attack. The troll bites you but does no damage.
You block the troll's attack. The troll claws you but does no damage.
The orange crystal statue fixes its piercing gaze on you.
The orc priest hits you but does no damage.
You block the orc knight's attack.
The orc warrior hits you but does no damage.
The orc high priest calls down the wrath of Beogh upon you.
Beogh smites you!
You die...
Your body rises from the dead as a mindless zombie.

###...........# ##...#.....##
#...........#####...........#
##............)...............
#..........#########....#.....
##.#.......#8...o.8#.....##...
##.........#.#oo.#.#.##.##....
#..........#ooOooo.#.#..##....
##.#......o'ooCoTo.+..........
####......#T@ohoo.#..........
###.....#.#O#O3o#.#..........
##.#.....#.#8.o3o.8#..#.......
#.......##.#########..........
#........#....................
##......######................
###..### ##...........>...
#...# #####.#)......... ##.##
##.##.............


You could see a stone giant (summoned), 4 orange crystal statues, an orc knight
(summoned), a soul eater (summoned), an orc high priest (summoned), a two-headed
ogre (summoned), 2 trolls, a sixfirhy (summoned), a warg (summoned), 4 orc
warriors, 2 ogres, 4 orc priests, 2 orc wizards and 7 orcs.

Vanquished Creatures
  Harold (D:9)
  2 hydras
  A merfolk avatar (Lair:6)
  Erolcha (D:10)
  A boulder beetle (Lair:6)
  4 two-headed ogres
  Sonja (D:12)
  A skeletal warrior (D:12)
  An unseen horror (D:12)
  A harpy (Lair:6)
  An orc sorcerer (Orc:1)
  3 ugly things
  2 manticores
  2 black mambas (Lair:6)
  9 elephants (Lair:6)
  5 cane toads
  A gargoyle (Volcano)
  Maggie (D:6)
  3 rime drakes
  An efreet (Volcano)
  11 komodo dragons
  3 wind drakes (Lair:6)
  4 hornets (Lair:6)
  5 polar bears
  Prince Ribbit (D:5)
  4 blink frogs
  2 vampires
  6 wyverns
  37 yaks
  4 basilisks
  2 fire elementals (Volcano)
  Menkaure (D:5)
  13 water moccasins
  A warg (Orc:1)
  A naga (Lair:4)
  14 orc warriors
  5 sky beasts
  2 ice beasts
  An eye of draining (D:7)
  11 black bears
  A hornet zombie (Ossuary)
  A phantom (D:8)
  8 centaurs
  6 wolves
  18 ogres
  Blork the orc (D:4)
  A big kobold (D:7)
  21 bullfrogs
  A gnoll sergeant (D:10)
  A wyvern skeleton (D:8)
  A water moccasin skeleton (D:11)
  Dowan (D:6)
  21 killer bees
  9 scorpions
  15 wights
  3 bullfrog zombies (Ossuary)
  4 centaur zombies
  A quasit (D:10)
  6 orc priests
  4 jellies
  3 bullfrog skeletons
  6 hounds
  Crazy Yiuf (D:6)
  15 orc wizards
  Terence (D:3)
  4 iguanas
  Natasha (twice) (D:3)
  11 worker ants
  A killer bee zombie (Ossuary)
  2 hound zombies
  9 mummies (Ossuary)
  A howler monkey zombie (Ossuary)
  Robin (D:3)
  12 gnolls
  2 worker ant zombies
  A howler monkey skeleton (D:5)
  12 adders
  2 shadow imps
  4 white imps
  4 ufetubi
  13 oozes
  3 adder zombies (Ossuary)
  3 worms
  2 dart slugs (D:1)
  12 leopard geckos
  69 orcs
  5 bats
  15 giant cockroaches
  7 hobgoblins
  7 jackals
  A kobold (D:3)
  7 quokkas
  14 ball pythons
  9 frilled lizards
  A giant cockroach zombie (Ossuary)
  14 goblins
  A leopard gecko skeleton (D:3)
  A leopard gecko zombie (D:8)
  3 quokka zombies (Ossuary)
  6 rats
581 creatures vanquished.

Vanquished Creatures (collateral kills)
  A hydra (Lair:1)
  4 black mambas
  2 skeletal warriors (D:12)
  A sea snake (Lair:6)
  A harpy (Lair:6)
  8 elephants (Lair:6)
  3 cane toads (Lair:6)
  2 rime drakes (Lair:6)
  A komodo dragon (Lair:1)
  5 polar bears
  5 blink frogs
  2 wyverns
  14 yaks
  2 basilisks
  3 nagas (Lair:4)
  7 water moccasins
  4 black bears (Lair:2)
  3 wolves (Lair:4)
  3 bullfrogs (Lair:1)
71 creatures vanquished.

Vanquished Creatures (others)
  2 flying skulls (Lair:2)
  2 vampires (Lair:6)
  3 wraiths
  3 wights
  A sea snake zombie (Lair:6)
  A black mamba zombie (Lair:6)
  A mummy (Lair:3)
  A cane toad zombie (Lair:2)
  A wind drake zombie (Lair:6)
  2 rime drake zombies (Lair:6)
  An elephant zombie (Lair:6)
  7 wolf zombies
  4 blink frog zombies
  2 hornet zombies (Lair:6)
  3 komodo dragon zombies (Lair:6)
  3 polar bear zombies
  A water moccasin zombie (Lair:6)
  2 wyvern zombies
  2 yak zombies
  An adder zombie (D:5)
  A naga zombie (Lair:4)
  A scorpion zombie (D:5)
  79 fungi
  118 plants
  10 withered plants (Ossuary)
252 creatures vanquished.

Grand Total: 904 creatures vanquished

Notes
Turn   | Place    | Note
-------+----------+-------------------------------------------
     0 | D:1      | ingamaze the Minotaur Fighter began the quest for the Orb.
     0 | D:1      | Reached XP level 1. HP: 19/19 MP: 0/0
   322 | D:1      | Reached XP level 2. HP: 26/26 MP: 1/1
   737 | D:2      | Found a snail-covered altar of Cheibriados.
   753 | D:2      | Noticed Sigmund
   819 | D:3      | Reached XP level 3. HP: 17/31 MP: 2/2
  1041 | D:3      | Reached skill level 1 in Axes
  1113 | D:3      | Reached XP level 4. HP: 25/39 MP: 3/3
  1285 | D:3      | Reached skill level 2 in Axes
  1534 | D:3      | Noticed Natasha
  1552 | D:3      | Killed Natasha
  1583 | D:3      | Noticed Robin
  1597 | D:3      | Killed Robin
  1598 | D:3      | Reached XP level 5. HP: 44/45 MP: 4/4
  1603 | D:3      | Reached skill level 3 in Axes
  1646 | D:3      | Found a blossoming altar of Fedhas.
  1671 | D:3      | Noticed Terence
  1678 | D:3      | Killed Terence
  1684 | D:3      | Noticed an oklob plant
  1803 | D:3      | Noticed Natasha
  1806 | D:3      | Killed Natasha
  1807 | D:3      | Reached skill level 5 in Armour
  1861 | D:4      | Noticed an ogre
  2140 | D:4      | Reached skill level 4 in Axes
  2188 | D:4      | Killed an ogre
  2189 | D:4      | Reached XP level 6. HP: 51/51 MP: 5/5
  2248 | D:4      | Noticed Blork the orc
  2295 | D:4      | Killed Blork the orc
  2296 | D:4      | Reached skill level 5 in Axes
  2481 | D:4      | Found a staircase to the Ecumenical Temple.
  2496 | D:4      | Reached skill level 6 in Axes
  2631 | Temple   | Entered the Ecumenical Temple
  2716 | Temple   | Became a worshipper of Yredelemnul the Dark
  2965 | D:5      | Entered Level 5 of the Dungeon
  2965 | D:5      | Found a runed translucent gate.
  2965 | D:5      | Noticed a two-headed ogre
  2965 | D:5      | Noticed Alannah's ghost (novice MfGl)
  2966 | D:5      | Found a runed translucent gate.
  2972 | D:5      | Found a runed translucent gate.
  3140 | D:5      | Reached XP level 7. HP: 41/57 MP: 6/6
  3190 | D:5      | Reached skill level 7 in Axes
  3190 | D:5      | Reached skill level 1 in Throwing
  3221 | D:5      | Noticed Prince Ribbit
  3250 | D:5      | Killed Prince Ribbit
  3251 | D:5      | Reached skill level 8 in Axes
  3390 | D:5      | Noticed Menkaure
  3395 | D:5      | Killed Menkaure
  3396 | D:5      | Reached XP level 8. HP: 51/64 MP: 7/7
  3422 | D:5      | Reached skill level 9 in Axes
  3499 | D:5      | Found a glowing drain.
  3503 | Sewer    | Entered a sewer
  3583 | Sewer    | Reached * piety under Yredelemnul
  3764 | Sewer    | Reached ** piety under Yredelemnul
  3829 | Sewer    | Reached skill level 10 in Axes
  4102 | D:5      | Reached skill level 1 in Invocations
  4268 | D:6      | Reached skill level 11 in Axes
  4397 | D:6      | Found a hide-covered altar of Uskayaw.
  4407 | D:6      | Found a sand-covered staircase.
  4421 | Ossuary  | Entered an ossuary
  4804 | Ossuary  | Reached XP level 9. HP: 63/70 MP: 9/9
  4821 | Ossuary  | Reached *** piety under Yredelemnul
  4902 | Ossuary  | Found the cursed necklace of Bloodlust {*Rage +Rage Will++
                  | Int-3 Slay+6 *Curse}
  5023 | Ossuary  | Reached skill level 12 in Axes
  5131 | D:6      | Found an opulent altar of Gozag.
  5156 | D:6      | Noticed Dowan
  5178 | D:6      | Killed Dowan
  5300 | D:6      | Noticed Maggie
  5310 | D:6      | Killed Maggie
  5311 | D:6      | Reached skill level 1 in Evocations
  5467 | D:6      | Found a runed translucent door.
  5468 | D:6      | Noticed Crazy Yiuf
  5471 | D:6      | Got a brightly glowing mace
  5472 | D:6      | Identified the +7 mace "Arbiter" {venom, rElec Str+4} (You
                  | found it on level 6 of the Dungeon)
  5481 | D:6      | Killed Crazy Yiuf
  5987 | D:7      | Reached skill level 1 in Maces & Flails
  6005 | D:7      | Reached skill level 13 in Axes
  6389 | D:7      | Found a bloodstained altar of Trog.
  6457 | D:7      | Reached **** piety under Yredelemnul
  6475 | D:7      | Reached XP level 10. HP: 72/77 MP: 11/11
  6927 | D:7      | Upgraded the game from 0.26.1 to 0.26.1-2-gb8aa6d0cf2
  7087 | D:8      | Received a gift from Yredelemnul (a wight)
  7127 | D:8      | Found a shadowy altar of Dithmenos.
  7133 | D:8      | Noticed a two-headed ogre
  7140 | D:8      | Killed a two-headed ogre
  7247 | D:8      | Found a shadowy altar of Dithmenos.
  7748 | D:8      | Found Tumist's Jewellery Shoppe.
  7962 | D:9      | Reached skill level 5 in Invocations
  7990 | D:9      | Noticed Harold
  7991 | D:9      | Reached ***** piety under Yredelemnul
  8004 | D:9      | Killed Harold
  8282 | D:9      | Reached XP level 11. HP: 31/83 MP: 13/13
  8489 | D:9      | Received a gift from Yredelemnul (a wight)
  8776 | D:8      | Reached skill level 10 in Maces & Flails
  9072 | D:9      | Reached skill level 1 in Dodging
  9079 | D:9      | Noticed Maurice
  9082 | D:9      | Noticed Maurice
  9082 | D:9      | Maurice changed into Maurice the jelly
  9083 | D:9      | Killed Maurice the jelly
  9263 | D:9      | Received a gift from Yredelemnul (a mummy)
  9366 | D:9      | Noticed Psyche
  9369 | D:9      | Noticed Psyche
  9369 | D:9      | Psyche changed into Psyche the sky beast
  9376 | D:9      | Killed Psyche the sky beast
  9646 | D:10     | Entered Level 10 of the Dungeon
  9920 | D:10     | Found Ratiblu's Weapon Shoppe.
  9929 | D:10     | Received a gift from Yredelemnul (a wraith)
 10073 | D:10     | Reached skill level 5 in Shields
 10304 | D:10     | Found a transporter.
 10305 | D:10     | Noticed Richi's ghost (novice DrWn)
 10305 | D:10     | Noticed a two-headed ogre
 10309 | D:10     | Found a transporter.
 10309 | D:10     | Identified the +5 dire flail of Virtue {vorpal, rElec}
 10309 | D:10     | Noticed a two-headed ogre
 10364 | D:10     | Reached skill level 5 in Fighting
 10442 | D:10     | Noticed Erolcha
 10455 | D:10     | Killed Erolcha
 10944 | D:10     | Found a staircase to the Lair.
 10986 | Lair:1   | Entered Level 1 of the Lair of Beasts
 11269 | Lair:1   | Noticed an eight-headed hydra
 11276 | Lair:1   | Killed an eight-headed hydra
 11277 | Lair:1   | Received a gift from Yredelemnul (a vampire)
 11282 | Lair:1   | Reached XP level 12. HP: 62/96 MP: 12/15
 11530 | Lair:1   | Found a dark tunnel.
 11544 | Volcano  | Entered a volcano
 13053 | Lair:2   | Received a gift from Yredelemnul (2 flying skulls)
 13551 | Lair:2   | Found a burning altar of Makhleb.
 13846 | Lair:3   | Received a gift from Yredelemnul (a wight)
 14090 | Lair:3   | Received a gift from Yredelemnul (a wraith)
 15274 | Lair:4   | Reached skill level 10 in Armour
 15312 | Lair:4   | Found a staircase to the Snake Pit.
 15322 | Lair:4   | Noticed an eight-headed hydra
 15329 | Lair:4   | Killed a six-headed hydra
 15330 | Lair:4   | Reached XP level 13. HP: 83/107 MP: 16/18
 15520 | Lair:4   | Found a staircase to the Shoals.
 16368 | Lair:5   | Found a staircase to the Slime Pits.
 16390 | Lair:5   | Found a viscous altar of Jiyva.
 16843 | Lair:6   | Entered Level 6 of the Lair of Beasts
 16874 | Lair:6   | Received a gift from Yredelemnul (a vampire)
 16957 | Lair:6   | Found a hide-covered altar of Uskayaw.
 16958 | Lair:6   | Found an ornate altar of the Wu Jian Council.
 17065 | Lair:6   | Received a gift from Yredelemnul (a skeletal warrior)
 17080 | Lair:6   | Reached skill level 10 in Shields
 17101 | Lair:6   | Received a gift from Yredelemnul (a wraith)
 17467 | Lair:6   | Reached skill level 10 in Invocations
 17513 | Lair:6   | Reached ****** piety under Yredelemnul
 17515 | Lair:6   | Received a gift from Yredelemnul (a flayed ghost)
 17683 | Lair:6   | Found a snail-covered altar of Cheibriados.
 18007 | Lair:6   | Got a smoking spear
 18152 | Lair:6   | Identified the +1 spear of the Disturbing Beasts {pain,
                  | Dex+2} (You found it on level 6 of the Lair of Beasts)
 18631 | D:11     | Found a snail-covered altar of Cheibriados.
 18897 | D:11     | Reached XP level 14. HP: 118/119 MP: 20/20
 19050 | D:12     | Reached skill level 5 in Throwing
 19144 | D:12     | Got a shimmering wooden ring
 19145 | D:12     | Identified the ring of Lyevecob {Wiz SInv} (You found it on
                  | level 12 of the Dungeon)
 19436 | D:12     | Reached skill level 10 in Fighting
 19544 | D:12     | Noticed Sonja
 19624 | D:12     | Killed Sonja
 19714 | D:12     | Found a roughly hewn altar of Beogh.
 19715 | D:12     | Found a staircase to the Orcish Mines.
 19940 | Orc:1    | Entered Level 1 of the Orcish Mines
 20154 | Orc:1    | Found a runed translucent door.
 20240 | Orc:1    | Found the +10 tower shield of Ignorance {rN+ Int-4}
 20261 | Orc:1    | Found a runed translucent door.
 20721 | Orc:1    | Noticed a stone giant
 20727 | Orc:1    | Lost intelligence.
 20730 | Orc:1    | Killed from afar by an orc high priest

Illustrated notes

Levels and vault maps discovered:
D:1:      scummos_arrival_gate, layout_rooms, serial_curves, eino_curves_02,
          eino_curves_01, kennysheep_decorative_pillar, hangedman_glass_teeth,
          chequers_serial_rivers_micro_e
D:2:      layout_basic, okawaru_trees_1, chequers_ecumenical_altar_simple_redux,
          lemuel_altar_in_water, uniq_sigmund, uniq_jessica
D:3:      layout_loops_ring, tgw_fedhas, kennysheep_nub, uniq_terence,
          uniq_natasha, uniq_robin
D:4:      layout_basic, minmay_temple_entry_large_hall, uniq_blork_the_orc
D:5:      old_forge, layout_cave_pools, gammafunk_ghost_split,
          gup_sewer_entry_spiral, uniq_menkaure, uniq_prince_ribbit1
D:6:      layout_basic, nicolae_overflow_hidden_temple,
          nicolae_ossuary_entry_plus, uniq_maggie, uniq_crazy_yiuf_cottage,
          uniq_duvessa
D:7:      layout_basic, trog_eyes_of_draining
D:8:      layout_rooms, lemuel_coloured_pillars_altar, serial_shops, shop,
          nicolae_dithmenos_shadow_blocks
D:9:      layout_irregular_city, columned_hall_lemuel, uniq_psyche,
          uniq_maurice, uniq_harold
D:10:     layout_basic, grunt_lair_entry_orc_guard_hut, gammafunk_ghost_smash,
          serial_shops, nicolae_shop_stone, amethyst_killhole,
          grunt_decor_resistance, uniq_erolcha
D:11:     layout_roguey, kennysheep_flooded_box, kennysheep_generic_room_6
D:12:     layout_roguey [special_room_orc], orc_0_dummy, uniq_sonja
Temple:   nicolae_temple_figure_eight
Lair:1:   layout_cave_pods, serial_rivers, chequers_serial_rivers_micro_e,
          chequers_serial_rivers_small_3, chequers_serial_rivers_small_b,
          chequers_serial_rivers_micro_b, chequers_serial_rivers_small_a,
          chequers_serial_rivers_marsh, nicolae_volcano_entry_lava_flow,
          beast_lair_carwin_6
Lair:2:   beast_lair_carwin_large_4, layout_big_grid, minivault_26,
          amcnicky_altar_gilded
Lair:3:   layout_loops_ring, lemuel_fruit_tree, grunt_megastairs_4
Lair:4:   layout_layer_cave, minmay_shoals_entry_centaurs,
          minmay_snake_entry_guardpost_small
Lair:5:   layout_loops_ring, slime_altar_1
Lair:6:   gammafunk_lair_ancient_temple, layout_layer_cave, basic_altar,
          nzn_masters_of_martial_movement
Orc:1:    layout_caves, chequers_guarded_unrand_ignorance

Skill      XL: |  1  2  3  4  5  6  7  8  9 10 11 12 13 14 |
---------------+-------------------------------------------+-----
Long Blades    | 3 4 |  4.4
Axes           | 1 2 4 6 8 11 13 | 13.5
Armour         | 4 5 6 7 10 11 | 11.7
Throwing       | 1 2 4 5 |  5.9
Invocations    | 2 3 5 6 8 10 | 10.0
Evocations     | 2 4 |  4.1
Maces & Flails | 4 9 11 | 11.4
Shields        | 4 5 9 11 12 | 12.1
Fighting       | 6 8 9 10 | 10.2
Dodging        | 2 3 |  3.0

Action                   |  1- 3 |  4- 6 |  7- 9 | 10-12 | 13-15 || total
-------------------------+-------+-------+-------+-------+-------++-------
Melee: Long sword        |    65 |       |       |       |       ||    65
       Headbutt          |    11 |    23 |    61 |   159 |   119 ||   373
       Hand axe          |    33 |   136 |   341 |     4 |       ||   514
       Mace              |       |       |    59 |   626 |   466 ||  1151
       Broad axe         |       |       |       |     3 |     1 ||     4
Throw: Boomerang         |       |     3 |    54 |       |    21 ||    78
Invok: Animate Remains   |       |       |     3 |       |       ||     3
       Animate Dead      |       |       |       |    12 |    10 ||    22
       Enslave Soul      |       |       |       |     2 |       ||     2
       Recall Undead Sla |       |       |       |     4 |     2 ||     6
       Drain Life        |       |       |       |       |     1 ||     1
 Abil: Evoke Berserk Rag |       |       |     2 |     4 |       ||     6
Evoke: Wand              |       |       |       |    18 |    50 ||    68
  Use: Potion            |     1 |     1 |     8 |     1 |     3 ||    14
       Scroll            |       |     3 |     4 |     5 |     3 ||    15
 Stab: Paralysed         |       |       |       |     3 |       ||     3
       Confused          |       |       |       |     3 |     2 ||     5
       Distracted        |       |       |       |     2 |     3 ||     5
Armor: Scale mail        |    46 |    48 |   139 |   106 |       ||   339
       Plate armour      |       |       |       |    61 |   136 ||   197
Dodge: Dodged            |    29 |    26 |    92 |   116 |    56 ||   319
Block: Kite shield       |    51 |    44 |   177 |   323 |   162 ||   757
       Tower shield      |       |       |       |       |   235 ||   235
       Reflection        |       |       |       |       |    16 ||    16
       Rpst.: Long sword |     2 |       |       |       |       ||     2
